 Dungeon Crawl Stone Soup version 0.25-a0-353-ged6d54792d (webtiles) character file.

Game seed: 549220198460581480, levelgen mode: deterministic

3 sankara the Grave Robber (level 1, -2/14 HPs)
             Began as a Hill Orc Necromancer on Jan 1, 2020.
             Killed from afar by a dart slug (5 damage)
             ... with a slug dart
             ... on level 1 of the Dungeon.
             The game lasted 00:01:44 (184 turns).

sankara the Grave Robber (Hill Orc Necromancer)      Turns: 184, Time: 00:01:44

Health: -2/14      AC:  5    Str: 10    XL:     1   Next: 50%
Magic:  0/3        EV: 10    Int: 15    God:
Gold:   0          SH:  0    Dex: 11    Spells: 1/3 levels left

rFire    . . .     SeeInvis .   (no weapon)
rCold    . . .     Gourm    .   (no shield)
rNeg     . . .     Faith    .   e - +0 ring mail (curse)
rPois    .         Spirit   .   (no helmet)
rElec    .         Reflect  .   (no cloak)
rCorr    .         Harm     .   (no gloves)
MR       .....                  (no boots)
Stlth    +.........             (no amulet)
HPRegen  0.04/turn              (no ring)
MPRegen  0.08/turn              (no ring)

@: no status effects
A: no striking features
a: no special abilities


You were on level 1 of the Dungeon.
You were not hungry.

You visited 1 branch of the dungeon, and saw 1 of its levels.

Inventory:

Hand Weapons
 b - a +0 club
   (You took it off a goblin on level 1 of the Dungeon)
Missiles
 g - 25 stones (quivered)
Armour
 a - a +0 robe
 e - a cursed +0 ring mail (worn)
   (You found it on level 1 of the Dungeon)
Scrolls
 f - a scroll of blinking {unknown}
Comestibles
 c - a ration
 d - 3 chunks of flesh {@w0}


   Skills:
 + Level 0.3 Armour
 - Level 1.5 Dodging
 - Level 1.5 Stealth
 - Level 1.5 Spellcasting
 + Level 4.1 Necromancy


You had one spell level left.
You knew the following spells:

 Your Spells              Type           Power        Failure   Level  Hunger
a - Pain                  Necr           ##..         11%         1    ##.....
b - Animate Skeleton      Necr           N/A          11%         1    ##.....

Your spell library contained the following spells:

 Spells                   Type           Power        Failure   Level  Hunger
 Vampiric Draining        Necr           ##........   32%         3    ####...
 Regeneration             Chrm/Necr      #.........   61%         3    ####...
 Animate Dead             Necr           N/A          73%         4    #####..


Dungeon Overview and Level Annotations

Branches:
Dungeon (1/15)

Altars:


Message History

You finish taking off your +0 robe.
You start putting on your armour.
You continue putting on your ring mail. x5
You finish putting on your cursed +0 ring mail.
Oops, that feels deathly cold.
You aren't carrying any pieces of jewellery.
f - a scroll labeled ROTIEBR YJUA
g - 25 stones A giant cockroach comes into view.
Really attack unarmed? [Y]es or [N]o only, please.
Really attack unarmed? [Y]es or [N]o only, please.
Really attack unarmed? [Y]es or [N]o only, please.
Really attack unarmed?
Casting: Animate Skeleton (safe; 12% risk of failure)
Confirm with . or Enter, or press ? or * to list all spells.
Aiming: Pain (safe; 12% risk of failure)
Press: ? - help, Shift-Dir - straight line, f - giant cockroach
Aim: a giant cockroach (chance to defeat MR: 83%)
The giant cockroach writhes in agony.
Casting: Pain (safe; 12% risk of failure)
Confirm with . or Enter, or press ? or * to list all spells.
Aiming: Pain (safe; 12% risk of failure)
Press: ? - help, Shift-Dir - straight line, f/p - giant cockroach
Aim: a giant cockroach (heavily wounded, chance to defeat MR: 83%)
The giant cockroach writhes in agony.
You kill the giant cockroach!
You start resting.
Magic restored.
HP restored.
A dart slug comes into view.
A kobold comes into view.
The kobold shouts!
You hear a shout!
Unknown command.
Casting: Pain (safe; 11% risk of failure)
Confirm with . or Enter, or press ? or * to list all spells.
You can't see any susceptible monsters within range! (Use Z to cast anyway.)
The dart slug launches a dart at you. The slug dart hits you.
The dart slug launches a dart at you. The slug dart misses you.
Casting: Pain (safe; 11% risk of failure)
Confirm with . or Enter, or press ? or * to list all spells.
Aiming: Pain (safe; 11% risk of failure)
Press: ? - help, Shift-Dir - straight line, f - kobold
Aim: a kobold (chance to defeat MR: 83%)
The kobold writhes in agony.
You kill the kobold!
Casting: Pain (safe; 11% risk of failure)
Confirm with . or Enter, or press ? or * to list all spells.
Aiming: Pain (safe; 11% risk of failure)
Press: ? - help, Shift-Dir - straight line, f - dart slug
Aim: a dart slug (chance to defeat MR: 83%)
The dart slug writhes in agony.
A hobgoblin comes into view. It is wielding a +0 club.
Casting: Pain (safe; 11% risk of failure)
Confirm with . or Enter, or press ? or * to list all spells.
You can't see any susceptible monsters within range! (Use Z to cast anyway.)
A dart slug comes into view.
The dart slug barely misses your goblin skeleton.
Casting: Pain (safe; 11% risk of failure)
Confirm with . or Enter, or press ? or * to list all spells.
You can't see any susceptible monsters within range! (Use Z to cast anyway.)
Your goblin skeleton hits the dart slug.
Casting: Pain (safe; 11% risk of failure)
Confirm with . or Enter, or press ? or * to list all spells.
Aiming: Pain (safe; 11% risk of failure)
Press: ? - help, Shift-Dir - straight line, p - dart slug The dart slug writhes in agony.
The dart slug launches a dart at you.
The slug dart hits your goblin skeleton!
Your goblin skeleton is destroyed!
Casting: Pain (safe; 11% risk of failure)
Confirm with . or Enter, or press ? or * to list all spells.
You don't have enough magic to cast that spell.
Unknown command.
You see here a giant cockroach corpse.
You butcher the giant cockroach corpse.
You see here a chunk of flesh {@w0}.
d - 3 chunks of flesh {@w0} (gained 1)
The hobgoblin hits you with a +0 club.
Casting: Pain (safe; 11% risk of failure)
Confirm with . or Enter, or press ? or * to list all spells.
Aiming: Pain (safe; 11% risk of failure)
Press: ? - help, Shift-Dir - straight line, f - hobgoblin
Aim: a hobgoblin, wielding a +0 club (chance to defeat MR: 83%)
The hobgoblin barely resists.
The dart slug launches a dart at you. The slug dart hits you.
* * * LOW HITPOINT WARNING * * *
Casting: Pain (safe; 11% risk of failure)
Confirm with . or Enter, or press ? or * to list all spells.
Aiming: Pain (safe; 11% risk of failure)
Press: ? - help, Shift-Dir - straight line, f/p - hobgoblin
Aim: a hobgoblin, wielding a +0 club (chance to defeat MR: 83%)
The hobgoblin writhes in agony.
The dart slug launches a dart at you. The slug dart hits you.
You die...

##...♣.P.....#.....#
##..P...P..♣w♣......#
#..♣..............#.#
#...P..P.P...P....#.#
#.♣♣.P.....P..♣...#.#
#..............P..#.#
#...P...<...P♣.......
#♣....g........P.##.#
#..♣.P@....P..P..# .#
#P ♣...P.P...P...# #
..PP♣......P♣PP.#
##...P.......♣....
#...♣..P.......#
#............. ##.
......... #########


You could see a dart slug and a hobgoblin.

Vanquished Creatures
  A giant cockroach (D:1)
  A goblin (D:1)
  A kobold (D:1)
3 creatures vanquished.

Notes
Turn   | Place    | Note
-------+----------+-------------------------------------------
     0 | D:1      | sankara the Hill Orc Necromancer began the quest for the
                  | Orb.
     0 | D:1      | Reached XP level 1. HP: 14/14 MP: 3/3
    83 | D:1      | Learned a level 1 spell: Animate Skeleton
   184 | D:1      | Killed from afar by a dart slug

Levels and vault maps discovered:
D:1:      wander_arrival_fairy_ring, layout_basic, kennysheep_crisscross,
          serial_park_tiny_1

Action                   || total
-------------------------++-------
 Cast: Pain              ||    10
       Animate Skeleton  ||     1
Dodge: Dodged            ||     1

Table legend:
 A = Non-vault XP
 B = Vault XP
 C = Vault XP percentage of total XP
 D = Non-vault monster count
 E = Vault monster count
 F = Vault count percentage of total count
                 A         B        C        D         E       F
            +---------+---------+-------+---------+---------+-------
      Total |       5 |       0 |   0.0 |       3 |       0 |   0.0
            +---------+---------+-------+---------+---------+-------
        D:1 |       5 |       0 |   0.0 |       3 |       0 |   0.0
            +---------+---------+-------+---------+---------+-------

Levels and vault maps discovered:
D:1:      wander_arrival_fairy_ring, layout_basic, kennysheep_crisscross,
          serial_park_tiny_1

Table legend:
 A = Turns spent in this place as a percentage of turns spent in the entire game.
 B = Non-inter-level travel turns spent in this place as a percentage of non-inter-level travel turns spent in the entire game.
 C = Inter-level travel turns spent in this place as a percentage of turns spent in this place.
 D = Turns resting spent in this place as a percentage of non-inter-level travel turns spent in this place.
 E = Turns spent auto-exploring this place as a percentage of non-inter-level travel turns spent in this place.
 F = Non-inter-level travel turns spent in this place divided by the number of levels of this place that you've seen.
                   A       B       C       D       E      F
               +-------+-------+-------+-------+-------+----------------------
         Total | 100.0 | 100.0 |   0.0 |  54.9 |  10.3 | 184.0
       Dungeon | 100.0 | 100.0 |   0.0 |  54.9 |  10.3 | 184.0
               +-------+-------+-------+-------+-------+----------------------

Table legend:
 A = Kills in this place as a percentage of kills in entire the game.
 B = Kills by you in this place as a percentage of kills by you in the entire game.
 C = Kills by friends in this place as a percentage of kills by friends in the entire game.
 D = Other kills in this place as a percentage of other kills in the entire game.
 E = Experience gained in this place as a percentage of experience gained in the entire game.
 F = Experience gained in this place divided by the number of levels of this place that you have seen.
                   A       B       C       D       E      F
               +-------+-------+-------+-------+-------+----------------------
         Total | 100.0 | 100.0 |   N/A |   N/A | 100.0 |   5.0
       Dungeon | 100.0 | 100.0 |   N/A |   N/A | 100.0 |   5.0
               +-------+-------+-------+-------+-------+----------------------
